[Event "Titled Tuesday Blitz September 13 Late 2022"]
[White "Sjugirov, Sanan"]
[Black "Ibarra Jerez, Jose Carlos"]
[WhiteFideId "4189302"]
[BlackFideId "2226332"]
[WhiteElo "2609"]
[BlackElo "2627"]
[Result "0-1"]
[Round "11"]
[TimeControl "180+1"]
[Date "2022.09.13"]
[WhiteClock "0:00:03"]
[BlackClock "0:00:05"]

1. d4 Nf6 2. c4 d6 3. g3 e5 4. Bg2 exd4 5. Qxd4 Nc6 6. Qd2 Be6 7. b3 d5 8. cxd5 Bb4 9. Nc3 Nxd5 10. Bb2 Qf6 11. Bxd5 Bxd5 12. Qe3+ Kf8 13. Nf3 Re8 14. O-O-O Rxe3 15. Nxd5 Rc3+ 16. Bxc3 Qh6+ 17. Bd2 Bxd2+ 18. Rxd2 g6 19. h4 Kg7 20. Nf4 Re8 21. e3 Kf8 22. Kb1 Qg7 23. Rd7 Re7 24. Rd2 Qf6 25. Rhd1 Qf5+ 26. Kb2 h6 27. Rd5 Qf6+ 28. Kb1 Kg7 29. g4 Re4 30. g5 Qe7 31. gxh6+ Kxh6 32. Ng5 Qe8 33. Nxe4 Qxe4+ 34. Kb2 Nb4 35. R5d2 Qe5+ 36. Kb1 a5 37. a3 Qf5+ 38. Kb2 Qe5+ 39. Kb1 Nc6 40. Rd5 Qe4+ 41. Kb2 a4 42. b4 Qf3 43. R1d2 Qe4 44. h5 g5 45. Ne2 Qe7 46. Ng3 Qf6+ 47. Ka2 Ne5 48. Rc2 Qe6 49. e4 c6 50. Nf5+ Kh7 51. Nd4 Qf6 52. Rdc5 Qf4 53. f3 Nxf3 54. Nxf3 Qxf3 55. R5c3 Qxe4 56. Kb2 Qe6 57. Rd2 Kh6 58. Rh2 Qe5 59. Rf2 f5 60. Kc2 g4 61. Rd3 Qe4 62. Rd2 g3 63. Kc3 g2 64. Rd6+ Kxh5 65. Rd1 Qe3+ 66. R6d3 g1=Q 0-1


[Site "https://www.chess.com"]

[Event "Titled Tuesday Blitz September 13 Late 2022"]
[White "Souleidis, Georgios"]
[Black "Papasimakopoulos, Alexandros"]
[WhiteFideId "4206827"]
[BlackFideId "4244125"]
[WhiteElo "2401"]
[BlackElo "2357"]
[Result "0-1"]
[Round "11"]
[TimeControl "180+1"]
[Date "2022.09.13"]
[WhiteClock "0:00:04"]
[BlackClock "0:01:23"]

1. e4 e6 2. d4 d5 3. exd5 exd5 4. Nf3 Bg4 5. h3 Bh5 6. Qe2+ Qe7 7. Be3 Nc6 8. Nc3 O-O-O 9. g4 Bg6 10. O-O-O f6 11. Nh4 Bf7 12. Nf5 Qd7 13. Qb5 g6 14. Ng3 Nge7 15. Qa4 Kb8 16. Bb5 a6 17. Bd3 Nc8 18. Nce2 Nb6 19. Qb3 Nc4 20. c3 Re8 21. Bf4 Bd6 22. Bxd6 Qxd6 23. Qc2 Re7 24. Rde1 Rhe8 25. Qd1 b5 26. Kb1 Kb7 27. Nc1 Qf4 28. Rxe7 Rxe7 29. Rh2 Nd2+ 30. Kc2 Nf3 31. Rg2 Ne1+ 32. Kb1 Nxg2 33. Nb3 Re1 0-1


[Site "https://www.chess.com"]

[Event "Titled Tuesday Blitz September 13 Late 2022"]
[White "Sztokbant, Bernardo Vainzoff"]
[Black "Al Hosani, Omran"]
[WhiteFideId "2115956"]
[BlackFideId "9308733"]
[WhiteElo "2172"]
[BlackElo "2167"]
[Result "1/2-1/2"]
[Round "11"]
[TimeControl "180+1"]
[Date "2022.09.13"]
[WhiteClock "0:00:03"]
[BlackClock "0:00:08"]

1. e4 e5 2. Nf3 Nc6 3. d4 exd4 4. Nxd4 Bc5 5. Be3 Qf6 6. c3 Nge7 7. Bc4 Ne5 8. Be2 d6 9. O-O O-O 10. Nd2 Qg6 11. Nc2 Bb6 12. f4 Bh3 13. Rf2 Ng4 14. Bxg4 Bxg4 15. Qe1 f5 16. Bxb6 axb6 17. e5 dxe5 18. Qxe5 Qd6 19. Qxd6 cxd6 20. Nc4 Nc8 21. Nb4 Bh5 22. Re1 Bf7 23. Ne3 Ne7 24. a3 Rfd8 25. Rd2 Kf8 26. Red1 Bb3 27. Re1 Bf7 28. Nec2 g6 29. Nd4 Re8 30. Kf2 Nc8 31. Nb5 Rxe1 32. Kxe1 Ke7 33. Kf2 Kd7 34. Kg3 Bc4 35. Nd4 Bf7 36. Nf3 Ke7 37. Nc2 Ra5 38. Ncd4 Kd7 39. Ne2 Ke7 40. Nc1 Kd7 41. Nd3 Rd5 42. Nb4 Rxd2 43. Nxd2 Ne7 44. Nf3 Nc6 45. Nc2 Na5 46. Ne3 Nc4 47. Nxc4 Bxc4 48. Kf2 Bd5 49. Nd4 Bc4 50. g3 Bf7 51. Ke3 Bc4 52. Nf3 Bf7 53. Kd4 Bb3 54. Ng5 Bg8 55. Nf3 Kc6 56. Ne1 Kd7 57. c4 Kc6 58. b3 b5 59. Nc2 bxc4 60. bxc4 b5 61. cxb5+ Kxb5 62. Nb4 Ka4 63. Nd5 Kxa3 64. Nf6 Bf7 65. Nxh7 Kb4 66. Ng5 Bg8 67. Nf3 Kb5 68. Nh4 Bf7 69. Ng2 Kc6 70. Ne3 Kd7 71. Ng2 Ke6 72. Nh4 Kf6 73. Nf3 Ba2 74. Ng5 Bb3 75. Nh7+ Kg7 76. Ng5 Kf6 77. Nh3 Bg8 78. Nf2 g5 79. Nd3 Ba2 80. fxg5+ Kxg5 81. h3 Bb1 82. Nf4 Be4 83. h4+ Kg4 84. Ne2 Bf3 85. Nc3 Kxg3 86. h5 Bxh5 87. Kd5 f4 88. Kxd6 f3 89. Ke5 Bg6 90. Nd1 Kg2 91. Kd4 Kf1 92. Ke3 Ke1 93. Kxf3 1/2-1/2


[Site "https://www.chess.com"]

[Event "Titled Tuesday Blitz September 13 Late 2022"]
[White "Vasquez Schroeder, Rodrigo"]
[Black "Tayar, Jonathan"]
[WhiteFideId "3400042"]
[BlackFideId "2606534"]
[WhiteElo "2577"]
[BlackElo "2413"]
[Result "1-0"]
[Round "11"]
[TimeControl "180+1"]
[Date "2022.09.13"]
[WhiteClock "0:00:23"]
[BlackClock "0:00:13"]

1. e4 c5 2. Nf3 d6 3. d4 Nf6 4. Nc3 cxd4 5. Nxd4 a6 6. Bg5 e6 7. f4 Be7 8. Qf3 Qc7 9. O-O-O Nbd7 10. g4 h6 11. Bxf6 Bxf6 12. h4 Qb6 13. Nde2 g5 14. e5 dxe5 15. hxg5 hxg5 16. Rxh8+ Bxh8 17. fxg5 e4 18. Qxe4 Nf8 19. Nf4 Bxc3 20. bxc3 Bd7 21. Nd5 Qc5 22. Nf6+ Ke7 23. Qf4 Rd8 24. Kb2 Ng6 25. Qb4 Qxb4+ 26. cxb4 Bc6 27. Rxd8 Kxd8 28. Kc3 Ke7 29. Kd4 Kd6 30. c4 e5+ 31. Ke3 b6 32. Bd3 Nf4 33. Be4 Ne6 34. Bxc6 Kxc6 35. Ke4 Nxg5+ 36. Kxe5 Nf3+ 37. Ke4 Nd2+ 38. Kd3 Nf3 39. Ke3 Ne5 40. Kd4 Nf3+ 41. Kc3 Ne5 42. g5 Nf3 43. Ne4 Ne5 44. a4 Nf3 45. b5+ axb5 46. axb5+ Kc7 47. Kb4 Ne5 48. Kc3 Nf3 49. Kd3 Kd7 50. Ke3 Ne5 51. Kd4 Nf3+ 52. Kd5 Kc7 53. c5 bxc5 54. Kxc5 Ne5 55. b6+ Kb8 56. Nd6 Ka8 57. Kd5 Nd7 58. Kc6 Nb8+ 59. Kb5 Nd7 60. Nxf7 Kb7 61. Nd6+ Kb8 62. g6 Nf6 63. g7 Ng8 64. Kc6 Ne7+ 65. Kd7 Ng8 66. Ke6 Nh6 67. Nf5 Ng8 68. Kf7 1-0


[Site "https://www.chess.com"]

[Event "Titled Tuesday Blitz September 13 Late 2022"]
[White "Zhigalko, Sergei"]
[Black "Pap, Gyula"]
[WhiteFideId "13502956"]
[BlackFideId "725323"]
[WhiteElo "2662"]
[BlackElo "2519"]
[Result "1/2-1/2"]
[Round "11"]
[TimeControl "180+1"]
[Date "2022.09.13"]
[WhiteClock "0:00:04"]
[BlackClock "0:00:05"]

1. e4 e5 2. Nf3 Nc6 3. Bc4 Bc5 4. b4 Bxb4 5. c3 Ba5 6. d4 d6 7. Qb3 Qd7 8. O-O Bb6 9. Nbd2 Na5 10. Qc2 Nxc4 11. Nxc4 Ne7 12. a4 a5 13. dxe5 dxe5 14. Nxb6 cxb6 15. Ba3 f6 16. Rfd1 Qe6 17. Rd6 Qf7 18. Rxb6 O-O 19. Rd1 Re8 20. h3 Ng6 21. Kh2 Nf4 22. Ng1 Qg6 23. f3 Qf7 24. Bc1 Ng6 25. Be3 f5 26. exf5 Bxf5 27. Qb2 Re7 28. Ne2 Bd7 29. Rxb7 Bxa4 30. Rxe7 Nxe7 31. Ra1 Bc6 32. Qb6 a4 33. Bc5 Rc8 34. Ng3 Nd5 35. Qa6 Bb7 36. Qb5 Nxc3 37. Qb4 Nd5 38. Qb5 Nf4 39. Rxa4 Nxg2 40. Ra7 Nh4 41. Qxb7 Qxb7 42. Rxb7 Nxf3+ 43. Kg2 Nh4+ 44. Kf2 Rxc5 45. Ne4 Rc8 46. Ng5 Re8 47. Kg3 Nf5+ 48. Kg2 Ne3+ 49. Kf3 Nd5 50. Ne4 Nf6 51. Nd6 Rd8 52. Nf5 Rd3+ 53. Ke2 Rd7 54. Rb6 Kf7 55. Ne3 Kg6 56. Ng4 Kf5 57. Ne3+ Kg6 58. Nc4 Re7 59. Kf3 Kf5 60. Ne3+ Kg6 61. Nd5 Rf7 62. Ne3 h5 63. Nc4 Kf5 64. Nd6+ Kg6 65. Nxf7 Kxf7 66. Ra6 g5 67. Ke3 g4 68. h4 Kg6 69. Ra1 Kf5 70. Rf1+ Ke6 71. Rf2 Nd5+ 72. Ke4 Nf6+ 73. Ke3 Nd5+ 74. Kd3 Nf4+ 75. Ke4 Ng6 76. Ra2 Nxh4 77. Ra6+ Kf7 78. Kxe5 g3 79. Kf4 g2 80. Ra1 Kg6 81. Kg3 Nf5+ 82. Kxg2 Kg5 83. Kf3 Nd4+ 84. Ke4 Ne6 85. Ra6 Ng7 86. Ra1 Kg6 87. Rg1+ Kf6 88. Rh1 Kg6 89. Ke5 Kf7 90. Rg1 Ne6 91. Rf1+ Ke7 92. Ra1 Nf8 93. Ra7+ Nd7+ 94. Kf5 Kd6 95. Ra6+ Kd5 96. Rh6 Nc5 97. Rxh5 Kd4 98. Kf4 Nd3+ 99. Kf5 Nc5 100. Rh8 Nd3 101. Rd8+ Ke3 102. Rd7 Nf2 103. Rd5 Nd3 104. Rd7 Nf2 105. Re7+ Kf3 106. Re8 Nd1 107. Ke5 Ke3 108. Rd8 Nf2 109. Rh8 Nd3+ 110. Kf5 Kd4 111. Rd8+ Ke3 112. Rd7 1/2-1/2